 Dungeon Crawl Stone Soup version 0.29.1-12-g30fa7ad0bf (webtiles) character file.

Game seed: 6211428588545131323

2 wrenrar the Grave Robber (level 1, 0/14 HPs)
             Began as a Ghoul Necromancer on Jan 8, 2023.
             Slain by a dart slug (1 damage)
             ... on level 1 of the Dungeon.
             The game lasted 00:00:46 (146 turns).

wrenrar the Grave Robber (Ghoul Necromancer)         Turns: 146, Time: 00:00:47

Health: 0/14       AC:  2    Str: 11    XL:     1   Next: 30%
Magic:  0/2        EV: 12    Int: 10    God:
Gold:   43         SH:  0    Dex:  9    Spells: 2/3 levels left

rFire   . . .      SeeInvis .   (no weapon)
rCold   + . .      Faith    .   (no shield)
rNeg    + + +      Spirit   .   a - +0 robe
rPois   ∞          Reflect  .   (no helmet)
rElec   .          Harm     .   (no cloak)
rCorr   .          Rampage  .   (no gloves)
Will    .....                   (no boots)
Stlth   ++........              (no amulet)
HPRegen 0.00/turn               (no ring)
MPRegen 0.08/turn               (no ring)

@: inhibited regen
A: claws 1, cold resistance 1, negative energy resistance 3, inhibited
regeneration, torment resistance 2, devour on kill
a: no special abilities


You were on level 1 of the Dungeon.
You visited 1 branch of the dungeon, and saw 1 of its levels.

You collected 43 gold pieces.

Inventory:

Armour
 a - a +0 robe (worn)
Scrolls
 c - 3 scrolls of identify {unknown}
Potions
 b - a potion of magic
 d - a potion of cancellation {unknown}


   Skills:
 + Level 1.8 Dodging
 + Level 2.2 Stealth
 + Level 1.8 Spellcasting
 + Level 4.0 Necromancy


You had 2 spell levels left.
You knew the following spells:

 Your Spells              Type           Power      Damage    Failure   Level
a - Necrotise             Necr           32%        1d5       6%          1

Your spell library contained the following spells:

 Spells                   Type           Power      Damage    Failure   Level
 Vampiric Draining        Necr           8%         2d6       19%         3
 Animate Dead             Necr           8%         N/A       52%         4
 Summon Guardian Golem    Hex/Summ       0%         N/A       67%         3
 Agony                    Necr           8%         N/A       86%         5
 Orb of Destruction       Conj           0%         9d5       100%        7
 Spellforged Servitor     Conj/Summ      0%         N/A       100%        7


Dungeon Overview and Level Annotations

Branches:
Dungeon (1/15)

Altars:


Innate Abilities, Weirdness & Mutations

You are immune to poison.
You have sharp fingernails.
Your flesh is cold resistant. (rC+)
You are immune to negative energy. (rN+++)
You do not regenerate when monsters are visible.
You are immune to unholy pain and torment.
You thrive by killing the living.


Message History

The slug dart misses you.
You see here a scroll labelled XOENWE DOLOTU.
The frilled lizard closely misses you.
The endoplasm quivers.
You scratch the frilled lizard.
You kill the frilled lizard!
The dart slug launches a dart at you. The slug dart misses you.
You scratch the quokka but do no damage.
The quokka bites you.
The ball python bites you but does no damage.
The ball python grabs you. The ball python constricts you.
The quokka closely misses you.
You scratch the quokka.
The quokka is moderately wounded.
The ball python closely misses you. The ball python constricts you.
The quokka closely misses you.
Aiming: Necrotise (safe; 6% risk of failure)
Press: ? - help, Shift-Dir - straight line, f - quokka
Aim: a quokka (moderately wounded, chance to affect: 75%)
The quokka writhes in agony.
The ball python closely misses you. The ball python constricts you.
The quokka bites you. The ball python bites you.
The ball python constricts you.
Aiming: Necrotise (safe; 6% risk of failure)
Press: ? - help, Shift-Dir - straight line, f/p - quokka
Aim: a quokka (almost dead, chance to affect: 75%)
The quokka writhes in agony.
You kill the quokka!
The dead are hopping!
The ball python closely misses you. The ball python constricts you.
The dart slug launches a dart at you. The slug dart hits you.
* * * LOW HITPOINT WARNING * * *
You escape the ball python's grasp.
You see here a scroll labelled XOENWE DOLOTU.
The endoplasm attacks as you move away! The endoplasm completely misses you.
The ball python attacks as you move away!
The ball python bites you but does no damage.
The ball python closely misses you. The dart slug bites you.
You die...

........#
..#...# ##
.....+ ...
#...#
....##..Z#
#..#....#
#.....J.#
#.....wS#
##.....@#
##.##..######
#. #........
####.##.##...##
........# .....
####.##.# ####
.. #.# #######
## #.# ♣......
#.# ♣..8..8


You could see a dart slug, an endoplasm (ally target), a ball python and a
friendly quokka skeleton.

Vanquished Creatures
  A quokka (D:1)
  A frilled lizard (D:1)
2 creatures vanquished.

Notes
Turn   | Place    | Note
-------+----------+-------------------------------------------
     0 | D:1      | wrenrar the Ghoul Necromancer began the quest for the Orb.
     0 | D:1      | Reached XP level 1. HP: 14/14 MP: 2/2
   146 | D:1      | Slain by a dart slug

Illustrated notes

Levels and vault maps discovered:
D:1:      giann_forest_graveyard, layout_loops_ring, minmay_door_square

Action                   || total
-------------------------++-------
Melee: Unarmed           ||     3
 Cast: Necrotise         ||     2
Armor: Robe              ||     2
Dodge: Dodged            ||    10
